 Dungeon Crawl Stone Soup version 0.15.0-14-g6bbbb5c (webtiles) character file.

151147 Kashira the Thaumaturge (level 17, -10/144 HPs)
             Began as a Naga Enchanter on Sept 5, 2014.
             Was the Champion of Qazlal.
             Mangled by a wolf spider (16 damage)
             ... on Level 5 of the Spider Nest.
             The game lasted 06:12:07 (38645 turns).

Kashira the Thaumaturge (Naga Enchanter)           Turns: 38645, Time: 06:12:21

HP -10/144       AC 26     Str 12      XL: 17   Next: 55%
MP   0/41        EV  6     Int 21 (23) God: Qazlal [******]
Gold 2167        SH  0     Dex 11      Spells: 11 memorised, 11 levels left

rFire  + . .     SeeInvis +     P - +3 scimitar (freeze)
rCold  + + .     Clarity  +     V - +0 troll leather armour
rNeg   . . .     rCorr    .     T - +5 shield "Psacseugea" {rF+ rC++}
rPois  +         rRot     .     D - +1 hat {Spirit}
rElec  .         Spirit   +     w - +2 cloak {MR+}
SustAb .         Warding  .     u - +2 pair of gloves
rMut   .         Stasis   .     b - +2 naga barding of Uta Xoiwn {Dex-3 Int+2}
Gourm  .                        (no amulet)
MR     ++++.                    J - ring of protection from magic
                                k - +4 ring of intelligence

@: protected from physical damage, held, repel missiles, very slow, incredibly
resistant to hostile enchantments, very unstealthy
A: spit poison, constrict 1, horns 1, see invisible, berserk 1, breathe flames
1, clarity, deformed body, high mp 1, sense surroundings 1, poison resistance,
slowness 2, slow healing 1, weak 1, wild magic 1, AC +5
a: Spit Poison, Upheaval, Elemental Force, Disaster Area, Renounce Religion,
Breathe Fire


You were on level 5 of the Spider Nest.
You worshipped Qazlal.
Qazlal was exalted by your worship.
You were hungry.

You visited 6 branches of the dungeon, and saw 37 of its levels.
You also visited: Labyrinth.

You collected 3253 gold pieces.
You spent 1086 gold pieces at shops.

Inventory:

Hand weapons
 P - a +3 scimitar of freezing (weapon)
Missiles
 o - 2 throwing nets (quivered)
Armour
 b - the +2 naga barding of Uta Xoiwn (worn) {Dex-3 Int+2}
   (You acquired it on level 10 of the Dungeon)

   It affects your intelligence (+2).
   It affects your dexterity (-3).
 u - a +2 pair of gloves (worn)
 w - a +2 cloak of magic resistance (worn)
 D - a +1 hat of spirit shield (worn)
 T - the +5 shield "Psacseugea" (worn) {rF+ rC++}
   (You found it on level 4 of the Swamp)

   It protects you from fire.
   It greatly protects you from cold.
 V - a +0 troll leather armour (worn)
Magical devices
 n - a wand of slowing (9)
 G - a wand of fire (2)
 R - a wand of flame (13)
 U - a wand of paralysis (6)
Comestibles
 d - 5 bread rations
 f - 15 royal jellies
 h - a slice of pizza
 m - a beef jerky
 B - 2 fruits
 N - a meat ration
Scrolls
 a - 3 scrolls of identify
 c - 2 scrolls of amnesia
 i - 2 scrolls of brand weapon
 t - a scroll of enchant armour
 A - 4 scrolls of magic mapping
 C - 2 scrolls of remove curse
 E - a scroll of teleportation
 H - a scroll of enchant weapon {unknown}
 S - a scroll of fear
Jewellery
 k - a +4 ring of intelligence (left hand)
 q - an uncursed ring of ice
 J - a ring of protection from magic (right hand)
 K - an uncursed ring of wizardry
 Y - an uncursed ring of ice
Potions
 g - 10 potions of curing
 j - a potion of cancellation
 p - a potion of resistance
 r - 2 potions of haste
 s - 2 potions of might
 z - 2 potions of agility
 F - a potion of invisibility
 M - a potion of brilliance
Books
 e - a book of Alchemy

   Spells                             Type                      Level
   Sublimation of Blood               Necromancy                   2
   Alistair's Intoxication            Transmutation/Poison         4
   Condensation Shield                Ice                          4
   Petrify                            Transmutation/Earth          4
   Ignite Poison                      Fire/Transmutation           5
 v - a book of the Warp

   Spells                             Type                      Level
   *Control Teleport                  Charms/Translocation         4
   Phase Shift                        Translocation                5
   Warp Weapon                        Charms/Translocation         5
   Dispersal                          Translocation                6
   Controlled Blink                   Translocation                7
   Disjunction                        Translocation                8
 x - a book of Power

   Spells                             Type                      Level
   Fulminant Prism                    Conjuration/Hexes            4
   *Iskenderun's Mystic Blast         Conjuration                  4
   Venom Bolt                         Conjuration/Poison           5
   Bolt of Magma                      Conjuration/Fire/Earth       5
   Iron Shot                          Conjuration/Earth            6
   Orb of Destruction                 Conjuration                  7
 L - a book of Fire

   Spells                             Type                      Level
   Ignite Poison                      Fire/Transmutation           5
   Fireball                           Conjuration/Fire             5
   Bolt of Fire                       Conjuration/Fire             6
   Delayed Fireball                   Conjuration/Fire             7
   Ring of Flames                     Charms/Fire                  7
 O - a book of Callings

   Spells                             Type                      Level
   Summon Small Mammal                Summoning                    1
   Call Imp                           Summoning                    2
   Call Canine Familiar               Summoning                    3
   Summon Guardian Golem              Hexes/Summoning              4
   *Summon Lightning Spire            Summoning/Air                4
   Summon Ice Beast                   Ice/Summoning                4
Miscellaneous
 l - a crystal ball of energy
 I - a disc of storms


   Skills:
 + Level 7.5 Fighting
   Level 1.0(3.9) Short Blades
 + Level 6.1(6.2) Long Blades
 + Level 6.1 Armour
 + Level 10.1 Dodging
 - Level 4.5 Stealth
 + Level 8.0 Shields
 + Level 14.6 Spellcasting
 + Level 9.2 Conjurations
 + Level 13.8 Hexes
 + Level 0.8 Summonings
 * Level 9.3 Translocations
 + Level 2.8 Air Magic
 + Level 1.1 Poison Magic
 + Level 0.9 Evocations


You had 11 spell levels left.
You knew the following spells:

 Your Spells              Type           Power        Failure   Level  Hunger
a - Enslavement           Hex            #######.     1%          4    None
b - Dazzling Spray        Conj/Hex       #######.     1%          3    None
c - Confuse               Hex            #######.     1%          3    None
d - Magic Dart            Conj           ####         1%          1    None
e - Mephitic Cloud        Conj/Pois/Air  ######..     5%          3    None
f - Blink                 Tloc           N/A          1%          2    None
g - Iskenderun's Mystic   Conj           ######..     3%          4    None
h - Control Teleport      Chrm/Tloc      ######....   16%         4    None
i - Summon Lightning Spi  Summ/Air       ####....     38%         4    None
j - Shock                 Conj/Air       ####         2%          1    None
k - Lightning Bolt        Conj/Air       ######....   22%         5    ##.....


Dungeon Overview and Level Annotations

Branches:
Dungeon (15/15) Temple (1/1) D:7 Orc (4/4) D:12 Elf (0/3) Orc:4 Lair (7/8) D:9 Swamp (5/5) Lair:4 Spider (5/5) Lair:5 Vaults (0/5) D:12 D:13 Depths (0/5) D:15 Slime: Lair:6-8

Altars:
Ashenzari
Cheibriados
Dithmenos
Elyvilon
Fedhas
Kikubaaqudgha
Makhleb
Nemelex Xobeh
Okawaru
Qazlal
Sif Muna
Trog
Vehumet
Xom
Yredelemnul
Zin
The Shining One

Shops:
D:5 }:!   D:9 [!   D:10 }   Orc:1 =   Orc:4 (:[*

Portals:
Trove: D:13 (give 6 potions of haste)

Annotations:
Lair:7 exclusion: oklob plant


Innate Abilities, Weirdness & Mutations

You cannot wear boots.
You can spit poison.
You can use your snake-like lower body to constrict enemies.
Your serpentine skin is tough (AC +5).
You have supernaturally acute eyesight.
Armour fits poorly on your strangely shaped body.
Your system is resistant to poisons.
You cover ground very slowly.
You have a pair of small horns on your head.
You tend to lose your temper in combat.
You can breathe flames.
You possess an exceptional clarity of mind.
You have an increased reservoir of magic (+10% MP).
You passively map a small area around you.
You heal slowly when monsters are visible.
You are weak. (Str -2)
Your spells are a little harder to cast, but a little more powerful.


Message History

There is a web here.
Unknown command.
Drink which item? (? for menu, Esc to quit)
You feel better. The wolf spider closely misses you.
The wolf spider barely misses you.
The wolf spider hits you but does no damage.
The wolf spider bites you.
* * * LOW HITPOINT WARNING * * *
Drink which item? (? for menu, Esc to quit)
You feel better. The wolf spider closely misses you.
The wolf spider bites you but does no damage.
The redback bites you but does no damage.
You struggle to detach yourself from the web.
The wolf spider hits you.
* * * LOW HITPOINT WARNING * * *
The wolf spider bites you!
* * * LOW HITPOINT WARNING * * *
The redback bites you but does no damage.
The wolf spider hits you!
You die...

, , #^...#... , # , * ,
,#......... #*,, , , *,
#####...#### ** ###########
##.##..####^#######
.#.##.....###.....##.^.^...^#.###
.#.%.%.....#.....####...§##.....#
.%....^..###.^..####.#..#.###.#.#
.^...^####....s####.#^#####.#..##
........^^..^..#@#...^##.......#
#.....^..§###.§ss.#§####...^.§##
#........^^.##..§##^.##...<..#.#
##^..........^...^....#..^...§.#
#.......^..../.#.#^#.###.#.§.#.##
##....^........####.#.#######...#
##^^...........####.#.#.##.#.###
##.............####^....##....# *
#...###........##^#.^#...^..##


You could see a wolf spider and a redback.

Vanquished Creatures
  A thorn hunter (Swamp:2)
  Rupert (Lair:3)
  Frances (Swamp:1)
  Donald (Swamp:2)
  Aizul (Spider:3)
  A very ugly thing (Swamp:4)
  2 ettins (Orc:4)
  A minotaur (Lab)
  Snorg (Swamp:4)
  14 hydras
  Fannar (Lair:2)
  Harold (Lair:5)
  Nessos (Spider:1)
  A centaur warrior (D:13)
  5 death yaks (Lair:6)
  8 alligators
  A tengu warrior (D:12)
  5 swamp dragons
  A skeletal warrior (D:13)
  A spriggan druid (Swamp:4)
  17 orb spiders
  2 unseen horrors
  Sonja (Orc:4)
  5 hill giants (D:12)
  Pikel (D:5)
  23 wolf spiders
  An orc knight (D:12)
  An ugly thing (D:13)
  A red wasp (Spider:3)
  4 griffons
  2 manticores
  4 elephants (Lair:4)
  8 cyclopes
  An oklob plant (Lair:2)
  Maurice (Orc:4)
  Joseph (D:10)
  2 torpor snails
  An iron devil (Spider:3)
  Psyche (Orc:2)
  A black mamba (Lair:2)
  4 centaur skeletons
  8 komodo dragons
  2 efreet (D:13)
  A fire drake (Lair:5)
  13 spiny frogs
  10 demonic crawlers
  10 baby alligators
  A queen bee (D:12)
  12 blink frogs
  A polar bear (Lair:5)
  A two-headed ogre (D:14)
  10 giant leeches
  16 slime creatures
  25 jumping spiders
  7 trolls
  5 boulder beetles
  A catoblepas skeleton (D:12)
  7 bog bodies
  A griffon zombie (D:14)
  8 ravens
  A basilisk (Lair:6)
  2 spriggans
  45 redbacks
  2 shadows
  25 trapdoor spiders
  2 wyverns (D:14)
  4 wraiths
  A fire elemental (Lair:1)
  A deep elf mage (D:10)
  35 yaks
  Eustachio (D:5)
  18 tarantellas
  6 hungry ghosts
  A vampire (Swamp:3)
  13 wolves
  13 vampire mosquitoes
  14 humans
  4 wargs
  7 hippogriffs
  A soldier ant (D:11)
  Edmund (D:5)
  22 swamp worms
  A slave (D:4)
  10 porcupines
  27 water moccasins
  23 orc warriors
  4 black bears
  5 ice beasts
  13 ogres
  21 spiders
  A necrophage (D:12)
  4 phantoms
  2 sky beasts
  16 centaurs
  10 swamp drakes
  3 yellow wasps (Swamp:3)
  13 crocodiles
  Sigmund (D:3)
  Duvessa (D:4)
  A boring beetle (Lair:5)
  3 gnoll sergeants
  3 brain worms
  A yaktaur skeleton (D:13)
  A big kobold (D:12)
  22 giant frogs
  11 insubstantial wisps
  A cyclops zombie (D:14)
  3 eyes of draining
  8 scorpions
  2 troll skeletons (Lab)
  41 killer bees
  3 spriggan skeletons (Lab)
  A centaur zombie (D:9)
  13 wights
  Dowan (D:4)
  3 goliath beetles
  17 jellies
  7 crimson imps
  3 electric eels
  18 orc priests
  11 hounds
  2 giant frog skeletons
  34 orc wizards
  A quasit (D:9)
  Natasha (thrice) (D:5)
  16 worker ants
  16 iguanas
  A lightning spire (Swamp:4)
  2 killer bee zombies (D:10)
  4 sheep (Lair:2)
  Ijyb (D:5)
  4 ogre skeletons
  A hound zombie (D:8)
  2 mummies
  86 green rats
  22 adders
  21 gnolls
  A gnoll skeleton (D:6)
  5 shadow imps
  A giant mite (D:7)
  3 worms
  An adder skeleton (D:6)
  An adder zombie (D:6)
  7 giant geckos
  22 oozes
  167 orcs
  4 ball pythons
  19 bats
  8 giant cockroaches
  20 goblins
  16 hobgoblins
  7 jackals
  27 kobolds
  7 giant newts
  A giant spore (D:9)
  A hobgoblin skeleton (D:4)
  A kobold skeleton (D:7)
  A kobold zombie (D:5)
  13 quokkas
  28 rats
  A rat skeleton (D:4)
  A rat zombie (D:7)
  7 ballistomycetes (D:9)
  A bush (Lair:4)
  A butterfly (Lair:2)
  61 fungi
  39 plants
1506 creatures vanquished.

Vanquished Creatures (collateral kills)
  Nikola (Swamp:2)
  An emperor scorpion (Spider:4)
  Gastronok (Lair:2)
  An ettin (Orc:4)
  2 shambling mangroves
  A death yak (Lair:6)
  A spriggan druid (Swamp:4)
  A swamp dragon (Swamp:1)
  A hill giant (D:13)
  An elephant (Lair:4)
  A moth of wrath (Spider:5)
  A demonic crawler (Spider:3)
  A troll (D:13)
  A bog body (Swamp:2)
  A blink frog (Lair:6)
  A raven (Swamp:2)
  2 yaks
  4 redbacks
  A spriggan (Swamp:4)
  2 humans (D:13)
  A deep elf fighter (D:9)
  A wolf (Lair:3)
  A swamp worm (Swamp:3)
  4 spiders
  A yellow wasp (D:13)
  An ogre (Orc:3)
  A crocodile (Swamp:2)
  2 brain worms (Spider:2)
  2 centaurs (D:13)
  3 insubstantial wisps (Swamp:1)
  A scorpion (Spider:4)
  A killer bee (D:9)
  An orc priest (Orc:3)
  An orc wizard (D:13)
  2 sheep (Lair:2)
  2 gnolls (D:13)
  2 green rats (Lair:3)
  12 orcs
  A hobgoblin (Orc:3)
  3 bats
  A rat (D:9)
70 creatures vanquished.

Vanquished Creatures (others)
  A cyclops (Orc:4)
  2 jumping spiders
  A deep elf mage (D:11)
  2 slaves (D:5)
  A yak zombie (D:11)
  A hound (D:5)
  3 lightning spires
  An adder (D:5)
  An orc (D:5)
  A quokka (D:5)
  A giant spore (D:9)
  15 fungi
  A plant (Lair:4)
31 creatures vanquished.

Grand Total: 1607 creatures vanquished

Notes
Turn   | Place    | Note
--------------------------------------------------------------
     0 | D:1      | Kashira, the Naga Enchanter, began the quest for the Orb.
     0 | D:1      | Reached XP level 1. HP: 15/15 MP: 3/3
    96 | D:1      | Reached XP level 2. HP: 11/22 MP: 2/4
   827 | D:1      | Reached XP level 3. HP: 28/28 MP: 6/6
   839 | D:1      | Learned a level 3 spell: Dazzling Spray
  1286 | D:2      | Found an iron altar of Okawaru.
  1329 | D:2      | Found a stormy altar of Qazlal.
  1330 | D:2      | Found a blossoming altar of Fedhas.
  1337 | D:2      | Became a worshipper of Qazlal Stormbringer
  1415 | D:2      | Found a bloodstained altar of Trog.
  1645 | D:2      | Found a sparkling altar of Nemelex Xobeh.
  1825 | D:2      | Reached XP level 4. HP: 37/37 MP: 0/8
  2304 | D:3      | Acquired Qazlal's first power
  2316 | D:3      | Reached XP level 5. HP: 41/43 MP: 7/11
  2398 | D:3      | Noticed Sigmund
  2404 | D:3      | Learned a level 3 spell: Confuse
  2463 | D:3      | Killed Sigmund
  2463 | D:3      | Reached skill level 1 in Conjurations
  2854 | D:3      | Reached XP level 6. HP: 45/50 MP: 6/13
  3533 | D:4      | Noticed Dowan
  3535 | D:4      | Noticed Duvessa
  3544 | D:4      | Killed Duvessa
  3938 | D:4      | Reached XP level 7. HP: 52/56 MP: 13/17
  4019 | D:4      | Killed Dowan
  4019 | D:4      | Reached skill level 5 in Hexes
  4289 | D:5      | Entered Level 5 of the Dungeon
  4582 | D:4      | Found a shadowy altar of Dithmenos.
  4767 | D:5      | Noticed Pikel
  4782 | D:4      | Reached skill level 1 in Armour
  5005 | D:5      | Acquired Qazlal's second power
  5089 | D:5      | Reached skill level 1 in Fighting
  5184 | D:5      | Killed Pikel
  5184 | D:5      | Reached skill level 5 in Spellcasting
  5184 | D:5      | Reached skill level 6 in Hexes
  5184 | D:5      | Reached XP level 8. HP: 40/64 MP: 11/20
  5273 | D:5      | Found Womaxom's Book Boutique.
  5295 | D:5      | Noticed Eustachio
  5296 | D:5      | Noticed Ijyb
  5540 | D:5      | Found Straif's Distillery.
  5569 | D:5      | Killed Eustachio
  5595 | D:5      | Killed Ijyb
  5604 | D:5      | Bought a potion of mutation for 35 gold pieces
  5605 | D:5      | Gained mutation: You are weak. (Str -2) [potion of mutation]
  5605 | D:5      | Gained mutation: You have a pair of small horns on your head. [potion of mutation]
  5605 | D:5      | Gained mutation: You can breathe flames. [potion of mutation]
  5611 | D:5      | Noticed Natasha
  5620 | D:5      | Killed Natasha
  5663 | D:5      | Noticed Natasha
  5665 | D:5      | Killed Natasha
  5665 | D:5      | Reached skill level 7 in Hexes
  5678 | D:5      | Bought a potion of invisibility for 77 gold pieces
  5678 | D:5      | Bought a potion of berserk rage for 42 gold pieces
  5678 | D:5      | Bought a potion of agility for 35 gold pieces
  5685 | D:5      | Learned a level 4 spell: Enslavement
  5723 | D:5      | Noticed Natasha
  5724 | D:5      | Killed Natasha
  5756 | D:5      | Found Wixupekh's Gadget Boutique.
  5839 | D:5      | Noticed Edmund
  5855 | D:5      | Killed Edmund
  5855 | D:5      | Reached XP level 9. HP: 70/70 MP: 20/22
  6433 | D:6      | Reached skill level 1 in Shields
  6464 | D:6      | Acquired Qazlal's third power
  6558 | D:6      | Found a shattered altar of Ashenzari.
  6562 | D:6      | Found a burning altar of Makhleb.
  6567 | D:6      | Found a radiant altar of Vehumet.
  6840 | D:7      | Reached skill level 8 in Hexes
  7002 | D:7      | Found a staircase to the Ecumenical Temple.
  7313 | D:7      | Reached skill level 5 in Conjurations
  7328 | D:7      | Reached XP level 10. HP: 80/80 MP: 12/25
  7384 | D:7      | Acquired Qazlal's fourth power
  7694 | Temple   | Entered the Ecumenical Temple
  7976 | D:7      | Learned a level 1 spell: Magic Dart
  7980 | D:7      | Learned a level 3 spell: Mephitic Cloud
  7983 | D:7      | Learned a level 2 spell: Blink
  9101 | D:8      | Gained mutation: You tend to lose your temper in combat. [potion of mutation]
  9101 | D:8      | Lost mutation: You are weak. (Str -2) [potion of mutation]
  9288 | D:8      | Acquired Qazlal's fifth power
  9490 | D:9      | Reached skill level 9 in Hexes
  9572 | D:9      | Reached skill level 5 in Dodging
  9969 | D:9      | Reached XP level 11. HP: 79/87 MP: 20/28
 10147 | D:9      | Found Maenisam's Distillery.
 10150 | D:9      | Bought a potion of heal wounds for 45 gold pieces
 10150 | D:9      | Bought a potion of mutation for 37 gold pieces
 10150 | D:9      | Bought a potion of poison for 15 gold pieces
 10150 | D:9      | Bought a potion of restore abilities for 45 gold pieces
 10151 | D:9      | Bought a potion of resistance for 105 gold pieces
 10152 | D:9      | Gained mutation: You have an increased reservoir of magic (+10% MP). [potion of mutation]
 10152 | D:9      | Gained mutation: You are weak. (Str -2) [potion of mutation]
 10152 | D:9      | Gained mutation: You possess an exceptional clarity of mind. [potion of mutation]
 10163 | D:9      | Gained mutation: You passively map a small area around you. [potion of beneficial mutation]
 10312 | D:9      | Found Inuachonk's Armour Shop.
 10475 | D:9      | Found a snail-covered altar of Cheibriados.
 10546 | D:9      | Found a staircase to the Lair.
 10801 | D:10     | Entered Level 10 of the Dungeon
 10847 | D:10     | Noticed Joseph
 10855 | D:10     | Killed Joseph
 11225 | D:10     | Found Ecsyeps' Gadget Boutique.
 11367 | D:10     | Noticed an unseen horror
 11374 | D:10     | Killed an unseen horror
 11615 | D:10     | Identified a scroll of acquirement
 11616 | D:10     | Got a jewelled naga barding
 11622 | D:10     | Identified the +2 naga barding of Uta Xoiwn {Dex-3 Int+2} (You acquired it on level 10 of the Dungeon)
 11779 | Lair:1   | Entered Level 1 of the Lair of Beasts
 11964 | Lair:1   | Learned a level 4 spell: Iskenderun's Mystic Blast
 12082 | Lair:1   | Got a pitted ring mail
 12083 | Lair:1   | Identified the cursed -2 ring mail of Asho {rF+} (You found it on level 1 of the Lair of Beasts)
 12097 | Lair:1   | Reached skill level 10 in Spellcasting
 12097 | Lair:1   | Reached skill level 10 in Hexes
 12343 | Lair:1   | Got a transparent robe
 12344 | Lair:1   | Identified the +1 robe "Nodd" {rF++ Curse} (You found it on level 1 of the Lair of Beasts)
 12706 | Lair:2   | Noticed Gastronok
 12791 | Lair:2   | Reached XP level 12. HP: 98/98 MP: 21/33
 12851 | Lair:2   | Noticed Fannar
 12860 | Lair:2   | Killed Fannar
 12911 | Lair:2   | Reached skill level 1 in Poison Magic
 13128 | Lair:2   | Noticed a seven-headed hydra
 13137 | Lair:2   | Killed Gastronok
 13158 | Lair:2   | Killed a 11-headed hydra
 14291 | Lair:3   | Reached skill level 11 in Spellcasting
 14298 | Lair:3   | Noticed Rupert
 14316 | Lair:3   | Paralysed by Rupert for 7 turns
 14336 | Lair:3   | Killed Rupert
 14805 | Lair:3   | Reached XP level 13. HP: 101/105 MP: 13/35
 15798 | Lair:4   | Found a staircase to the Swamp.
 16613 | Lair:5   | Noticed Harold
 16626 | Lair:5   | Killed Harold
 16923 | Lair:5   | Reached skill level 5 in Shields
 17196 | Lair:5   | Found a hole to the Spider Nest.
 18024 | Lair:6   | Reached skill level 5 in Fighting
 18320 | Lair:6   | Reached skill level 12 in Spellcasting
 18320 | Lair:6   | Reached skill level 1 in Air Magic
 18832 | Lair:1   | Learned a level 4 spell: Control Teleport
 19563 | D:12     | Reached XP level 14. HP: 117/117 MP: 10/37
 20233 | D:12     | Reached skill level 5 in Armour
 20271 | D:12     | Found a staircase to the Orcish Mines.
 20299 | D:12     | Reached skill level 1 in Long Blades
 20613 | D:12     | Got a heavily runed ring mail
 20614 | D:12     | Identified the cursed -1 ring mail of Xom's Whim {Str+3 Int-3} (You found it on level 12 of the Dungeon)
 21132 | Orc:1    | Entered Level 1 of the Orcish Mines
 21600 | Orc:1    | Found Shriutae's Jewellery Boutique.
 21834 | Orc:2    | Noticed Psyche
 21842 | Orc:2    | Killed Psyche
 22108 | Orc:1    | Reached skill level 1 in Translocations
 22384 | Orc:4    | Entered Level 4 of the Orcish Mines
 22656 | Orc:4    | Noticed Sonja
 22665 | Orc:4    | Noticed Maurice
 22669 | Orc:4    | Noticed a stone giant
 22675 | Orc:4    | Banished a stone giant
 23447 | Orc:4    | Killed Sonja
 23475 | Orc:4    | Killed Maurice
 23603 | Orc:4    | Found Freykiok's Antique Weapon Shop.
 23723 | Orc:4    | Found Mumateoc's Antique Armour Shoppe.
 23745 | Orc:4    | Found a staircase to the Elven Halls.
 23775 | Orc:4    | Found Itegexoi's General Store.
 23907 | Orc:4    | Found Huican's Book Emporium.
 23920 | Orc:4    | Bought a book of Callings for 300 gold pieces
 23926 | Orc:4    | Learned a level 4 spell: Summon Lightning Spire
 23926 | Orc:4    | Bought a book of Air for 350 gold pieces
 23929 | Orc:4    | Learned a level 1 spell: Shock
 24436 | D:13     | Found a gate to the Vaults.
 24997 | D:13     | Found a portal to a secret trove of treasure.
 25297 | D:14     | Reached skill level 13 in Spellcasting
 25312 | D:14     | Reached XP level 15. HP: 121/126 MP: 26/38
 25366 | D:14     | Found a white marble altar of Elyvilon.
 25429 | D:14     | Found a labyrinth entrance.
 25437 | Lab      | Entered a labyrinth
 25897 | Lab      | Got a crude lead ring
 26261 | D:14     | Identified the ring of Secrets {rPois rF+ rN+ Stlth--} (You found it in a labyrinth)
 26267 | D:14     | Gained mutation: You heal slowly when monsters are visible. [mutagenic meat]
 26361 | D:14     | Gained mutation: Your spells are a little harder to cast, but a little more powerful. [potion of mutation]
 27017 | D:15     | Entered Level 15 of the Dungeon
 27017 | D:15     | Found a staircase to the Depths.
 27130 | Lair:1   | Learned a level 5 spell: Lightning Bolt
 27131 | Lair:1   | Identified a +6 rod of inaccuracy (11/11) (You found it in a labyrinth)
 27375 | Swamp:1  | Entered Level 1 of the Swamp
 27829 | Swamp:1  | Noticed Frances
 28126 | Swamp:1  | Killed Frances
 28267 | Swamp:1  | Reached skill level 5 in Translocations
 28683 | Swamp:2  | Noticed Nikola
 28834 | Swamp:2  | Noticed Donald
 28928 | Swamp:2  | Killed Nikola
 28933 | Swamp:2  | Killed Donald
 29861 | Swamp:2  | Noticed a thorn hunter
 29869 | Swamp:2  | Killed a thorn hunter
 29988 | Swamp:2  | Reached XP level 16. HP: 109/135 MP: 33/39
 31799 | Swamp:3  | Reached skill level 5 in Long Blades
 32238 | Swamp:4  | Noticed Snorg
 32246 | Swamp:4  | Killed Snorg
 32517 | Swamp:4  | Got a slimy shield
 32518 | Swamp:4  | Identified the +5 shield "Psacseugea" {rF+ rC++} (You found it on level 4 of the Swamp)
 32738 | Swamp:4  | Found a glowing silver altar of Zin.
 33032 | Swamp:5  | Entered Level 5 of the Swamp
 33038 | Swamp:5  | Noticed a thorn hunter
 33104 | Swamp:5  | Noticed a thorn hunter
 33510 | Spider:1 | Entered Level 1 of the Spider Nest
 33619 | Spider:1 | Noticed Nessos
 33630 | Spider:1 | Killed Nessos
 33728 | Spider:1 | Reached skill level 14 in Spellcasting
 35858 | Spider:3 | Reached XP level 17. HP: 144/144 MP: 32/40
 35980 | Spider:3 | Noticed Aizul
 36001 | Spider:3 | Killed Aizul
 36937 | Spider:4 | Reached skill level 10 in Dodging
 37820 | Spider:5 | Entered Level 5 of the Spider Nest
 38642 | Spider:5 | HP: 5/144 [wolf spider (15)]
 38645 | Spider:5 | Mangled by a wolf spider

Action                   |  1- 3 |  4- 6 |  7- 9 | 10-12 | 13-15 | 16-18 || total
-------------------------+-------+-------+-------+-------+-------+-------++-------
Melee: Dagger            |    62 |    30 |   201 |   246 |       |       ||   539
       Scimitar          |       |       |       |   316 |  1030 |   724 ||  2070
       Unarmed           |       |       |       |       |     5 |     4 ||     9
Throw: Throwing net      |       |       |       |       |       |     1 ||     1
 Cast: Corona            |    13 |       |       |       |       |       ||    13
       Dazzling Spray    |    14 |    57 |    99 |    71 |    84 |    57 ||   382
       Confuse           |       |    12 |    44 |   105 |   207 |   163 ||   531
       Magic Dart        |       |       |       |   418 |   250 |    19 ||   687
       Enslavement       |       |       |       |    29 |    46 |    19 ||    94
       Mephitic Cloud    |       |       |       |     7 |    24 |    21 ||    52
       Blink             |       |       |       |     2 |     8 |       ||    10
       Iskenderun's Myst |       |       |       |     7 |    31 |    20 ||    58
       Shock             |       |       |       |       |    69 |   130 ||   199
       Summon Lightning  |       |       |       |       |     4 |    14 ||    18
       Lightning Bolt    |       |       |       |       |     2 |     4 ||     6
 Abil: Spit Poison       |    48 |    49 |    91 |    68 |    42 |    19 ||   317
       Breathe Fire      |       |       |       |    21 |    40 |    25 ||    86
Evoke: Wand              |       |       |     1 |     3 |     7 |     5 ||    16
       Disc of storms    |       |       |       |     7 |       |       ||     7
  Use: Scroll            |       |       |     5 |    21 |    21 |     5 ||    52
       Potion            |       |       |     1 |     8 |    11 |     5 ||    25
 Stab: Sleeping          |     1 |     1 |       |       |       |       ||     2
       Confused          |       |       |     9 |    16 |    35 |    47 ||   107
       Invisible         |       |       |     4 |     1 |     6 |     4 ||    15
       Paralysed         |       |       |       |     4 |       |       ||     4
       Distracted        |       |       |       |       |     1 |     3 ||     4
  Eat: Chunk             |     8 |    13 |    22 |    23 |    50 |    28 ||   144
       Pizza             |       |     1 |     1 |       |     1 |       ||     3
       Beef jerky        |       |     1 |       |       |     1 |       ||     2
       Meat ration       |       |       |     1 |     1 |     1 |     1 ||     4
       Bread ration      |       |       |       |     3 |     2 |     1 ||     6
